 Dungeon Crawl Stone Soup version 0.27-a0-1196-g3e9cee4cb2 (webtiles) character file.

Game seed: 5475112120625077222

71 bisexualwizard the Chopper (level 4, -1/39 HPs)
             Began as a Hill Orc Abyssal Knight on May 29, 2021.
             Was a Believer of Lugonu.
             Slain by a gnoll
             ... wielding a +1 flail of holy wrath
              (11 damage)
             ... on level 2 of the Dungeon.
             The game lasted 00:03:12 (1846 turns).

bisexualwizard the Chopper (HOAK)                   Turns: 1846, Time: 00:03:13

Health: -1/39      AC:  5    Str: 15    XL:     4   Next: 24%
Magic:  5/5        EV: 10    Int: 12    God:    Lugonu [**....]
Gold:   31         SH:  0    Dex: 10    Spells: 3/3 levels left

rFire    + . .     SeeInvis .   a - +1 hand axe
rCold    . . .     Faith    .   (no shield)
rNeg     . . .     Spirit   .   e - +0 ring mail
rPois    .         Reflect  .   (no helmet)
rElec    .         Harm     .   (no cloak)
rCorr    .         Rampage  .   (no gloves)
Will     .....                  (no boots)
Stlth    ..........             (no amulet)
HPRegen  0.13/turn              c - ring of protection from fire
MPRegen  0.09/turn              (no ring)

@: no status effects
A: no striking features
a: Renounce Religion, Depart the Abyss, Bend Space


You were on level 2 of the Dungeon.
You worshipped Lugonu.
Lugonu was pleased with you.
You visited 1 branch of the dungeon, and saw 3 of its levels.
You visited the Abyss 1 time.

You collected 31 gold pieces.

Inventory:

Hand Weapons
 a - a +1 hand axe (weapon)
Armour
 b - a +0 leather armour
 e - a +0 ring mail (worn)
Jewellery
 c - a ring of protection from fire (left hand)
Scrolls
 d - 2 scrolls of teleportation {unknown}
 g - 2 scrolls of blinking {unknown}
 i - a scroll of magic mapping {unknown}
Potions
 f - a potion of resistance {unknown}
 h - a potion of haste {unknown}
 j - 2 potions of invisibility {unknown}
 k - a potion of flight {unknown}


   Skills:
 - Level 3.6 Fighting
 * Level 5.8 Axes
 - Level 2.1 Armour
 - Level 0.7 Dodging
 + Level 0.1 Stealth
 - Level 2.4 Invocations


You had 3 spell levels left.
You didn't know any spells.
Your spell library contained the following spells:

 Spells                   Type           Power      Damage    Failure   Level
 Animate Skeleton         Necr           0%         N/A       54%         1
 Pain                     Necr           0%         1d4       54%         1
 Vampiric Draining        Necr           0%         2d6       88%         3
 Animate Dead             Necr           0%         N/A       99%         4
 Agony                    Necr           0%         N/A       100%        5


Dungeon Overview and Level Annotations

Branches:
Dungeon (3/15)

Altars:
Trog
Xom

Shops:
D:2 [

Annotations:
D:2 Sigmund
D:3 Robin


Message History

The gnoll misses you. The goblin hits you but does no damage.
You climb upwards.
Level annotation: Sigmund
There is a stone staircase leading down here.
You hit the goblin.
You kill the goblin!
Lugonu accepts your kill.
You hit the goblin. You hit the gnoll. You hit the gnoll but do no damage.
The gnoll hits you with a +1 flail of holy wrath.
The goblin hits you but does no damage. The gnoll hits you with a +0 whip.
The goblin misses you.
Items here: ( ))).
The gnoll hits you but does no damage.
You hit the gnoll but do no damage. You hit the gnoll.
The gnoll is severely wounded.
You closely miss the gnoll.
The gnoll is severely wounded.
The gnoll hits you with a +0 whip.
You hit the gnoll.
You kill the gnoll!
Lugonu accepts your kill.
You slash the goblin!
You kill the goblin!
Lugonu accepts your kill.
You hit the goblin.
You kill the goblin!
Lugonu accepts your kill.
You barely miss the gnoll. The gnoll hits you but does no damage.
You hit the gnoll.
The gnoll is moderately wounded.
The gnoll hits you with a +1 flail of holy wrath!
* * * LOW HITPOINT WARNING * * *
You closely miss the gnoll.
The gnoll is moderately wounded.
The gnoll barely misses you.
You slash the gnoll!
The gnoll is severely wounded.
The gnoll hits you with a +1 flail of holy wrath!
You die...

#....# #.#
#.##.....(.# ###.##
#.######.###......#
#.#
#..........#..._...
#.#
#.######.#.#......#
#.# #.#
#..........#
#.#####.#
###.#....###
#.......######
#.###### #
#######.##>†.# #.#
# #.@g)..# #.# #
####.<.# #.# #
##.## #.# # #.#
#.######## #.#
#.##...... #.#
#......... #.#
####.####.
##.#######.# ##
#..<.......#


You could see a gnoll.

Vanquished Creatures
  A gnoll (D:2)
  An adder (D:2)
  2 dart slugs (D:1)
  4 ball pythons
  3 endoplasms
  A giant cockroach (D:1)
  5 hobgoblins
  4 jackals (D:1)
  3 quokkas
  5 bats
  4 frilled lizards
  10 goblins
  A kobold (D:1)
  A rat (D:1)
45 creatures vanquished.

Notes
Turn   | Place    | Note
-------+----------+-------------------------------------------
     0 | Abyss:1  | bisexualwizard the Hill Orc Abyssal Knight began the quest
                  | for the Orb.
     0 | Abyss:1  | Reached XP level 1. HP: 19/19 MP: 2/2
    13 | D:1      | Escaped the Abyss
   332 | D:1      | Reached skill level 3 in Axes
   370 | D:1      | Reached XP level 2. HP: 6/26 MP: 3/3
   734 | D:1      | Reached skill level 4 in Axes
   764 | D:1      | Reached ** piety under Lugonu
   778 | D:1      | Reached XP level 3. HP: 26/31 MP: 4/4
   833 | D:1      | You fall into a shaft and drop 1 floor!
   961 | D:2      | Reached skill level 5 in Axes
  1138 | D:2      | Found a bloodstained altar of Trog.
  1433 | D:2      | Found Ajel's Antique Armour Shop.
  1551 | D:2      | Noticed Sigmund
  1731 | D:3      | Found a shimmering altar of Xom.
  1792 | D:3      | Noticed Robin
  1823 | D:2      | Reached XP level 4. HP: 38/39 MP: 5/5
  1846 | D:2      | Slain by a gnoll

Illustrated notes

Levels and vault maps discovered:
D:1:      dpeg_arrival_tiny_j, layout_basic, ebering_ecumenical_altar_abandoned,
          minmay_nonomino_d4
D:2:      layout_loops_ring, serial_shops, shop, basic_altar, uniq_sigmund,
          uniq_crazy_yiuf_cottage
D:3:      layout_rooms, lemuel_coloured_pillars_altar, led_xom_imps,
          general_overflow_altar, ebering_ghost_reflecting_pool, serial_shops,
          shop, shop, shop, uniq_robin

Skill      XL: |  1  2  3 |
---------------+----------+-----
Axes           | 3 4 5 |  5.8
Fighting       | |  3.6
Armour         | |  2.1
Dodging        | |  0.7
Stealth        | |  0.1
Invocations    | |  2.4

Action                   |  1- 3 |  4- 6 || total
-------------------------+-------+-------++-------
Melee: Hand axe          |   138 |    11 ||   149
Armor: Leather armour    |    20 |       ||    20
       Ring mail         |    59 |     6 ||    65
Dodge: Dodged            |    95 |     6 ||   101

Table legend: (Time is in decaauts)
 A = Elapsed time spent in this place.
 B = Non-inter-level travel time spent in this place.
 C = Inter-level travel time spent in this place.
 D = Time resting spent in this place.
 E = Time spent auto-exploring this place.
 F = Levels seen in this place.
 G = Mean time per level.
                   A        B        C        D        E       F      G
               +--------+--------+--------+--------+--------+-----+--------+
         Total |   1861 |   1812 |     49 |    545 |    901 |   4 |  465.2 |
       Dungeon |   1848 |   1799 |     49 |    545 |    891 |   3 |  616.0 |
         Abyss |     13 |     13 |      0 |      0 |     10 |   1 |   13.0 |
               +--------+--------+--------+--------+--------+-----+--------+

Top non-repeatable levels by time:
     D:1: 886 daAuts
     D:2: 807 daAuts
     D:3: 154 daAuts
 Abyss:1: 13 daAuts
